 Dungeon Crawl Stone Soup version 0.27.0-1-g7a089689b8 (webtiles) character file.

Game seed: 796601588030053090

20 mandarbmax the Magician (level 3, -1/27 HPs)
             Began as a Djinni Summoner on Aug 7, 2021.
             Killed from afar by a white imp (12 damage)
             ... with a puff of frost
             ... summoned by the player character
             ... on level 1 of the Dungeon.
             The game lasted 00:02:12 (2025 turns).

mandarbmax the Magician (Djinni Summoner)           Turns: 2025, Time: 00:02:13

Health: -1/27      AC:  2    Str:  7    XL:     3   Next: 0%
Gold:   23         EV: 12    Int: 17    God:
                   SH:  0    Dex: 13

rFire    + + .     SeeInvis .   b - +0 dagger
rCold    x . .     Faith    .   (no shield)
rNeg     . . .     Spirit   .   a - +0 robe
rPois    ∞         Reflect  .   (no helmet)
rElec    .         Harm     .   (no cloak)
rCorr    .         Rampage  .   (no gloves)
Will     .....                  (boots unavailable)
Stlth    ++........             (no amulet)
HPRegen  0.09/turn              (no ring)
MPRegen  0.00/turn              (no ring)

@: flying, very slightly contaminated
A: sickness immunity, fire resistance 2, cold vulnerability 1, float, innate
caster, hp casting, extra vitality 1
a: no special abilities


You were on level 1 of the Dungeon.
You visited 1 branch of the dungeon, and saw 1 of its levels.

You collected 23 gold pieces.

Inventory:

Hand Weapons
 b - a +0 dagger (weapon)
Armour
 a - a +0 robe (worn)
Scrolls
 d - a scroll of amnesia {unknown}
 e - a scroll of identify {unknown}
Potions
 c - a potion of lignification {unknown}


   Skills:
 + Level 1.2 Fighting
 - Level 2.1 Dodging
 - Level 2.0 Stealth
 + Level 3.4 Spellcasting


You couldn't memorise any spells.
You knew the following spells:

 Your Spells              Type           Power      Damage    Failure   Level
a - Summon Small Mammal   Summ           56%        N/A       4%          1
b - Call Imp              Summ           14%        N/A       6%          2
c - Call Canine Familiar  Summ           14%        N/A       12%         3
d - Summon Guardian Gole  Hex/Summ       14%        N/A       12%         3
e - Summon Lightning Spi  Summ/Air       14%        N/A       36%         4
f - Magic Dart            Conj           56%        1d5       4%          1
Your spell library was empty.

Dungeon Overview and Level Annotations

Branches:
Dungeon (1/15)

Altars:


Innate Abilities, Weirdness & Mutations

You are immune to sickness and miasma.
You are immune to poison.
Your flesh is very heat resistant. (rF++)
You are vulnerable to cold. (rC-)
You float through the air rather than walking.
You learn spells naturally, not from books.
Your magical power is your life essence.
You have superior vitality. (+4 HP)


Message History

A giant cockroach comes into view.
The goblin hits you with a +0 dagger.
You hit the goblin but do no damage.
The goblin is heavily wounded.
The kobold throws a stone.
The stone misses you. The goblin closely misses you.
You hit the goblin.
You kill the goblin!
You have reached level 3!
Your experience leads to an increase in your attributes!
Increase (S)trength, (I)ntelligence, or (D)exterity?
You feel clever.
The power to cast Magic Dart wells up from within.
Spell assigned to 'f'.
Casting: Summon Small Mammal (safe; 4% risk of failure)
Confirm with . or Enter, or press ? or * to list all spells.
You miscast Call Imp.
You are very lightly contaminated with residual magic.
Nothing appears to happen.
Unknown command.
Casting: Call Imp (safe; 6% risk of failure)
Confirm with . or Enter, or press ? or * to list all spells.
A beastly little devil appears in a puff of frigid air.
Unknown command.
A beastly little devil appears in a puff of frigid air.
The giant cockroach barely misses you.
You hit the giant cockroach.
The giant cockroach is severely wounded.
The kobold misses you. The giant cockroach bites you.
Your white imp closely misses the kobold.
Your white imp barely misses the giant cockroach.
You hit the giant cockroach.
The giant cockroach is almost dead.
The giant cockroach bites you but does no damage.
The kobold hits you with a +0 short sword.
Your white imp hits the giant cockroach.
The giant cockroach dies!
Your white imp gestures at the kobold.
The puff of frost misses the kobold.
The puff of frost hits you!
You feel a terrible chill!
You die...

####..##...#..##...
+(###....#.........
#......###.........
.....†....#.........
..........#.........
#.........##......)#
########'###........
####.....###........
#.)@......##........
......K5....#...........
.....5....###...........
..........###..........#
...............####...##
...............# #.....
###............####.....
#######...............
#...............


You could see a kobold (ally target) and 2 friendly white imps.

Vanquished Creatures
  An endoplasm (D:1)
  A goblin (D:1)
  A hobgoblin (D:1)
  A bat (D:1)
  A rat (D:1)
5 creatures vanquished.

Vanquished Creatures (collateral kills)
  A bat (D:1)
  2 giant cockroaches (D:1)
  6 goblins (D:1)
  6 hobgoblins (D:1)
  3 ball pythons (D:1)
  3 kobolds (D:1)
  A rat (D:1)
22 creatures vanquished.

Grand Total: 27 creatures vanquished

Notes
Turn   | Place    | Note
-------+----------+-------------------------------------------
     0 | D:1      | mandarbmax the Djinni Summoner began the quest for the Orb.
     0 | D:1      | Reached XP level 1. HP: 15/15 MP: 0/0
   657 | D:1      | Reached XP level 2. HP: 15/22 MP: 0/0
  1611 | D:1      | Reached skill level 1 in Fighting
  2021 | D:1      | Reached XP level 3. HP: 21/27 MP: 0/0
  2021 | D:1      | Learned a level 1 spell: Magic Dart
  2025 | D:1      | Killed from afar by a white imp

Illustrated notes

Levels and vault maps discovered:
D:1:      psy_arrival_whirlpool, layout_basic

Skill      XL: |  1  2 |
---------------+-------+-----
Stealth        | 2 |  2.0
Fighting       | 1 |  1.2
Dodging        | |  2.1
Spellcasting   | |  3.4

Action                   || total
-------------------------++-------
Melee: Unarmed           ||    14
       Dagger            ||    25
 Cast: Summon Small Mamm ||    32
       Call Imp          ||    26
 Stab: Distracted        ||     1
Armor: Robe              ||     9
Dodge: Dodged            ||    32
